 Dungeon Crawl Stone Soup version 0.31-a0-960-g0fca184906 (webtiles) character file.

Game seed: 17177501070990679650

104 Arcadio the Trooper (level 4, -1/41 HPs)
             Began as a Ghoul Monk on Oct 23, 2023.
             Killed from afar by an orc wizard (11 damage)
             ... with a puff of flame
             ... on level 3 of the Dungeon.
             The game lasted 00:04:10 (1982 turns).

Arcadio the Trooper (Ghoul Monk)                    Turns: 1982, Time: 00:04:10

Health: -1/41      AC:  2    Str: 16    XL:     4   Next: 80%
Magic:  3/3        EV: 12    Int:  5    God:
Gold:   107        SH:  0    Dex: 11    Spells: 3/3 levels left

rFire   . .          .
                       - Unarmed
rCold   + . .        (no shield)
rNeg    + + +        a - +0 robe
rPois   ∞            (no helmet)
rElec   .            (no cloak)
rCorr   .            (no gloves)
SInv    .            (no boots)
Will    .....        (no amulet)
Stlth   +            (no ring)
HPRegen 0.00/turn    (no ring)
MPRegen 0.08/turn

%: no passive effects
@: inhibited regen
A: claws 1, cold resistance 1, negative energy resistance 3, inhibited
regeneration, torment resistance 2, devour on kill
a: no special abilities


You were on level 3 of the Dungeon.
You visited 1 branch of the dungeon, and saw 3 of its levels.

You collected 107 gold pieces.

Inventory:

Missiles
 n - a throwing net
Armour
 a - a +0 robe (worn)
 c - an orb of light
 k - a +0 ring mail
Jewellery
 p - a ring of fire
Scrolls
 d - a scroll of teleportation
 e - a scroll of revelation
 f - a scroll of butterflies
 g - 2 scrolls of noise
 i - a scroll of immolation
 o - a scroll of blinking {unknown}
 q - a scroll of poison {unknown}
Potions
 b - a potion of ambrosia
 h - 2 potions of curing
 j - a potion of enlightenment
 l - a potion of cancellation
 m - a potion of attraction


   Skills:
 + Level 4.4 Fighting
 + Level 3.5 Dodging
 + Level 4.2 Unarmed Combat


You had 3 spell levels left.
You didn't know any spells.
Your spell library contained the following spells:

 Spells                   Type           Power      Damage    Failure   Level
 Conjure Ball Lightning   Conj/Air       0%         3x3d6     100%        6
 Discord                  Hex            0%         N/A       100%        8
 Disjunction              Tloc           0%         N/A       100%        8


Dungeon Overview and Level Annotations

Branches:
Dungeon (3/15) Zot: 16026

Altars:


Innate Abilities, Weirdness & Mutations

You are immune to poison.
You have sharp fingernails.
Your flesh is cold resistant. (rC+)
You are immune to negative energy. (rN+++)
You do not regenerate when monsters are visible.
You are immune to unholy pain and torment.
You thrive by killing the living.


Message History

You scratch the orc wizard but do no damage.
The orc wizard hits you with a +0 dagger.
You scratch the orc wizard.
The orc wizard is lightly wounded.
The orc wizard barely misses you.
You scratch the orc wizard but do no damage.
You claw the orc wizard.
The orc wizard is lightly wounded.
The orc wizard casts a spell at you. You resist with some effort.
You barely miss the orc wizard.
The orc wizard is lightly wounded.
The orc wizard closely misses you.
You scratch the orc wizard.
The orc wizard is heavily wounded.
The orc wizard closely misses you.
You scratch the orc wizard but do no damage.
The orc wizard is heavily wounded.
The orc wizard misses you.
You closely miss the orc wizard.
The orc wizard is heavily wounded.
You scratch the orc.
The orc is heavily wounded.
The orc wizard mumbles some strange words.
The orc wizard flickers and vanishes!
Deactivating autopickup; reactivate with Ctrl-A.
You claw the orc!
You kill the orc!
You closely miss something. You miss something. Something hits you.
You scratch something but do no damage. Your claw misses something.
Something hits you.
You miss something. Something hits you.
You barely miss something. Your claw misses something.
Something completely misses you.
You scratch something. Something hits you.
You hear some strange, mumbled words.
A puff of flame appears from out of thin air!
The puff of flame hits you!
You die...

##.###
#.###.....†..#..###
#.
...#....####........
##
#############.##.....
.. ... ........# ....
#. #.# ##.####.# ...
.' #(# +.+..#.# .. #.
#.# #.#..#[# .
'#.##'#o##+#.##'#.#
.......o{.@.......#
'#.##'#.##+#.##'#.#
#. #.# #.#..#.# # +.+
#.#8.#.# #.# #.####.#
... ... ..# ### ###
###


You could see 2 orcs.

Vanquished Creatures
  A gnoll (D:2)
  5 adders
  A worm (D:3)
  2 orcs
  6 endoplasms
  3 giant cockroaches (D:1)
  2 goblins (D:2)
  3 hobgoblins
  2 jackals (D:2)
  5 kobolds
  A quokka (D:2)
  2 ball pythons (D:1)
  7 bats
  A frilled lizard (D:1)
  3 rats
44 creatures vanquished.

Notes
Turn   | Place    | Note
-------+----------+-------------------------------------------
     0 | D:1      | Arcadio the Ghoul Monk began the quest for the Orb.
     0 | D:1      | Reached XP level 1. HP: 19/19 MP: 0/0
   235 | D:1      | Reached XP level 2. HP: 26/26 MP: 1/1
  1015 | D:2      | Noticed an ogre
  1063 | D:2      | Reached XP level 3. HP: 30/33 MP: 2/2
  1704 | D:2      | Reached XP level 4. HP: 37/40 MP: 3/3
  1725 | D:2      | Identified the +8 quarterstaff of Miot Iba {holy, rN+}
  1982 | D:3      | Killed from afar by an orc wizard

Illustrated notes

Levels and vault maps discovered:
D:1:      doesnt_arrival_eight_statues, layout_basic
D:2:      minmay_diamond_boxcup, layout_basic
D:3:      minmay_door_path, layout_rooms, shapermc_ecumenical_altar_gd,
          kennysheep_doodads, kennysheep_generic_room_10

Skill      XL: |  1  2  3 |
---------------+----------+-----
Dodging        | 3 |  3.5
Fighting       | 4 |  4.4
Unarmed Combat | 4 |  4.2

Action                     |  1- 3 |  4- 6 || total
---------------------------+-------+-------++-------
  Melee: Unarmed           |    91 |    41 ||   132
         Punch             |       |     2 ||     2
    Use: Scroll            |       |     9 ||     9
 Armour: Robe              |    36 |    25 ||    61
  Dodge: Dodged            |    50 |    18 ||    68

Table legend: (Time is in decaauts)
 A = Elapsed time spent in this place.
 B = Non-inter-level travel time spent in this place.
 C = Inter-level travel time spent in this place.
 D = Time resting spent in this place.
 E = Time spent auto-exploring this place.
 F = Levels seen in this place.
 G = Mean time per level.
                   A        B        C        D        E       F      G
               +--------+--------+--------+--------+--------+-----+--------+
         Total |   1972 |   1888 |     84 |      0 |   1521 |   3 |  657.3 |
       Dungeon |   1972 |   1888 |     84 |      0 |   1521 |   3 |  657.3 |
               +--------+--------+--------+--------+--------+-----+--------+

Top non-repeatable levels by time:
     D:1: 1049 daAuts
     D:2: 803 daAuts
     D:3: 119 daAuts
